 Dungeon Sprint DCSS version 0.30.1-11-g7821555f0a (webtiles) character file.

Game seed: 13629810136109407744

4 Groucho the Digger (level 1, 0/10 HPs)
             Began as a Deep Elf Earth Elementalist on Jan 8, 2024.
             Was a Follower of Sif Muna.
             Slain by a scorpion (3 damage)
             ... in the Dungeon (Sprint VII: "The Pits").
             The game lasted 00:01:17 (341 turns).

Groucho the Digger (Deep Elf Earth Elementalist)     Turns: 341, Time: 00:01:18

Health: 0/10       AC:  2    Str:  5    XL:     1   Next: 58%
Magic:  4/7        EV: 12    Int: 19    God:    Sif Muna [*.....]
Gold:   0          SH:  0    Dex: 15    Spells: 6/7 levels left

rFire   . . .        h - +2 dagger
rCold   . . .        (no shield)
rNeg    . . .        a - +0 robe
rPois   .            (no helmet)
rElec   .            (no cloak)
rCorr   .            (no gloves)
SInv    .            (no boots)
Will    .....        (no amulet)
Stlth   ++           (no ring)
HPRegen 0.21/turn    (no ring)
MPRegen 0.10/turn

%: no teleportation
@: lethally poisoned (0 -> -7)
A: no striking features
a: Renounce Religion, Channel Magic


You were in the Dungeon.
You worshipped Sif Muna.
Sif Muna was aware of your devotion.
You visited 1 branch

Inventory:

Hand Weapons
 h - a +2 dagger (weapon)
Armour
 a - a +0 robe (worn)
Scrolls
 g - a scroll of blinking
 j - 5 scrolls of amnesia
 k - a scroll of summoning
Potions
 b - 5 potions of magic
 d - a potion of heal wounds
 e - a potion of haste
 f - 3 potions of berserk rage
 i - 2 potions of invisibility


   Skills:
 - Level 2.4 Dodging
 - Level 2.4 Stealth
 + Level 3.7 Spellcasting
 * Level 1.9 Conjurations
 - Level 1.1 Transmutations
 * Level 4.0 Earth Magic


You had 6 spell levels left.
You knew the following spells:

 Your Spells              Type           Power      Damage    Failure   Level
a - Sandblast             Erth           36%        2d10      2%          1

Your spell library contained the following spells:

 Spells                   Type           Power      Damage    Failure   Level
 Passwall                 Tmut/Erth      10%        N/A       8%          2
 Stone Arrow              Conj/Erth      28%        3d8       13%         3
 Petrify                  Tmut/Erth      13%        N/A       45%         4


Dungeon Overview and Level Annotations

Branches:
Dungeon (1/1)

Altars:
Ashenzari
Cheibriados
Dithmenos
Elyvilon
Fedhas
Gozag
Hepliaklqana
Kikubaaqudgha
Makhleb
Nemelex Xobeh
Okawaru
Qazlal
Ru
Sif Muna
Trog
Uskayaw
Vehumet
Wu Jian
Xom
Yredelemnul
Zin
The Shining One
Jiyva
Lugonu


Message History

Sif Muna accepts your kill.
Your Earth Magic skill increases to level 4!
Unknown command.
There is an open door here.
Your magical contamination has completely faded away.
You start resting.
Magic restored.
You open the door.
A jackal and a scorpion come into view.
Casting: Sandblast (safe; 2% risk of failure)
Confirm with . or Enter, or press ? or * to list all spells.
Aiming: Sandblast (safe; 2% risk of failure)
Press: ? - help, Shift-Dir - straight line, f - scorpion
Aim: a scorpion (asleep, 100% to hit)
The blast of sand hits the scorpion but does no damage.
The jackal barks!
You hear a bark!
A jackal comes into view.
Casting: Sandblast (safe; 2% risk of failure)
Confirm with . or Enter, or press ? or * to list all spells.
Aiming: Sandblast (safe; 2% risk of failure)
Press: ? - help, Shift-Dir - straight line, f/p - scorpion
Aim: a scorpion (82% to hit)
The blast of sand hits the scorpion but does no damage.
The scorpion closely misses you.
The jackal moves out of view.
Casting: Sandblast (safe; 2% risk of failure)
Confirm with . or Enter, or press ? or * to list all spells.
Aiming: Sandblast (safe; 2% risk of failure)
Press: ? - help, Shift-Dir - straight line, f/p - scorpion
Aim: a scorpion (82% to hit)
The blast of sand hits the scorpion but does no damage.
The scorpion closely misses you. The scorpion stings you!
Ouch! That really hurt!
* * * LOW HITPOINT WARNING * * *
You feel better. The scorpion stings you.
Ouch! That really hurt!
* * * LOW HITPOINT WARNING * * *
You are lethally poisoned!
The scorpion poisons you! The scorpion attacks as you move away!
The scorpion stings you.
You die...

#.?(.')))'.##......#..
##########.##.........
#..........)'.........
+#####'#####......#..
#..†..# #.........
#.....# ####'#####
###'### #.......#
#)....# #.......#
#..@..# #.......#
####s## #...<...# .h.
#.......# .....
#.......#
#######.......#
#########


You could see a scorpion and a jackal.

Vanquished Creatures
  An orc (D)
  2 ball pythons (D)
  A bat (D)
  A kobold (D)
5 creatures vanquished.

Notes
Turn   | Place    | Note
-------+----------+-------------------------------------------
     0 | D        | Groucho the Deep Elf Earth Elementalist began the quest for
                  | the Orb.
     0 | D        | Reached XP level 1. HP: 10/10 MP: 6/6
    11 | D        | Reached skill level 1 in Conjurations
   164 | D        | Found a glowing golden altar of the Shining One.
   164 | D        | Found a glowing silver altar of Zin.
   164 | D        | Found a basalt altar of Yredelemnul.
   164 | D        | Found a shimmering altar of Xom.
   164 | D        | Found an ornate altar of the Wu Jian Council.
   164 | D        | Found a bloodstained altar of Trog.
   164 | D        | Found a shimmering blue altar of Sif Muna.
   164 | D        | Found a sacrificial altar of Ru.
   164 | D        | Found a stormy altar of Qazlal.
   164 | D        | Found an iron altar of Okawaru.
   164 | D        | Found a sparkling altar of Nemelex Xobeh.
   164 | D        | Found a burning altar of Makhleb.
   164 | D        | Found a viscous altar of Jiyva.
   164 | D        | Found a hazy altar of Hepliaklqana.
   164 | D        | Found an opulent altar of Gozag.
   164 | D        | Found a blossoming altar of Fedhas.
   164 | D        | Found a white marble altar of Elyvilon.
   164 | D        | Found a shadowy altar of Dithmenos.
   164 | D        | Found a snail-covered altar of Cheibriados.
   165 | D        | Found a radiant altar of Vehumet.
   165 | D        | Found a corrupted altar of Lugonu.
   166 | D        | Found an ancient bone altar of Kikubaaqudgha.
   166 | D        | Found a hide-covered altar of Uskayaw.
   166 | D        | Found a broken altar of Ashenzari.
   167 | D        | Became a worshipper of Sif Muna the Loreminder
   183 | D        | Reached * piety under Sif Muna
   310 | D        | Reached skill level 4 in Earth Magic
   336 | D        | Noticed a scorpion
   341 | D        | Slain by a scorpion

Illustrated notes

Levels and vault maps discovered:
D:        pitsprint [storerooms_1, entrance_room_1, metal_vault_3, armoury_2,
          mini_pit_1, grid_room_1, main_hall_1, silver_pit, the_coven_1,
          the_vestibule_1, steel_vault_3, golden_pit, hallway_of_sentries,
          crystal_vault_1, iron_vault_1, final_vault]

Skill      XL: |  1 |
---------------+----+-----
Conjurations   | 1 |  1.9
Earth Magic    | 4 |  4.0
Dodging        | |  2.4
Stealth        | |  2.4
Spellcasting   | |  3.7
Transmutations | |  1.1

Action                     || total
---------------------------++-------
   Cast: Sandblast         ||    10
    Use: Potion            ||     1
 Armour: Robe              ||     1
  Dodge: Dodged            ||     5
